Moose vs Marlies
Created - February 17, 2023 at 23:12
Goals
|
| Moose |
2 |
3 |
1 |
6 |
| Marlies |
1 |
1 |
2 |
4 |
|
Shots
|
| Moose |
11 |
15 |
13 |
39 |
| Marlies |
6 |
6 |
15 |
27 |
|
1st period
1. Marlies , Brett Pesce 6 (Matthew Highmore 4) at 5:59
2. Moose , Dylan Strome 26 (Mathieu Joseph 19, Filip Gustavsson) at 10:43
3. Moose , Ludwig Bystrom 1 (Nikolay Goldobin 16, Mirco Mueller 18) at 15:10
Penalties :
Nick Merkley (Man) for Slashing (Minor) at 3:50, Mathieu Joseph (Man) for Holding (Minor) at 6:40, Colton Sissons (Tor) for Diving (Minor) at 15:19
2nd period
4. Moose , Jordan Greenway 8 (Nick Merkley 8, Juuso Valimaki 10) at 3:46
5. Marlies , Martin Necas 9 (Aleksi Saarela 19) at 4:21
6. Moose , Mathieu Joseph 22 (Dylan Strome 40, Nathan Walker 29) at 7:34 (PP)
7. Moose , Mathieu Joseph 23 (Dylan Strome 41, Nathan Walker 30) at 8:50
Penalties :
Jeff Corbett (Tor) for Roughing (Minor) at 0:22, Mathieu Olivier (Tor) for Goalie Interference (Minor) at 7:19
3rd period
8. Marlies , Pierre-Olivier Joseph 5 (Brett Pesce 41, Valentin Zykov 33) at 4:05 (PP)
9. Marlies , Logan Brown 8 (Tobias Lindberg 9, Alex Formenton 8) at 13:48
10. Moose , Nikolay Goldobin 9 (Roman Josi 10) at 16:40
Penalties :
Ludwig Bystrom (Man) for High sticking (Minor) at 3:44, Mirco Mueller (Man) for Interference (Minor) at 7:53
Goalie Stats
Filip Gustavsson (Man), 23 saves from 27 shots - (0.852), W, 9-6-1, 60:00 minutes
Charlie Lindgren (Tor), 14 saves from 18 shots - (0.778), 27:34 minutes
Logan Thompson (Tor), 19 saves from 21 shots - (0.905), L, 9-6-1, 32:26 minutes
Players Stats for Moose
Player Name G A P +/- PIM S H SB GA TA FO MP PP MP PK MP
------------------------------------------------------------------------------------
Anders Bjork 0 0 0 0 0 0 1 2 0 0 0/0 10:22 0:02 1:02
Chase De Leo 0 0 0 3 0 0 1 0 1 0 5/9 14:32 1:45 0:00
Dylan Strome 1 2 3 -2 0 5 0 0 0 1 18/31 21:47 2:26 1:46
Erik Cernak 0 0 0 -1 0 0 1 0 0 1 0/0 20:34 1:42 2:30
Jake Leschyshyn 0 0 0 1 0 0 2 0 0 0 3/8 10:01 0:00 0:04
Jordan Greenway 1 0 1 0 0 6 0 0 0 0 0/0 11:50 0:00 1:46
Julien Gauthier 0 0 0 0 0 1 2 0 0 0 0/1 11:02 0:00 2:10
Juuso Valimaki 0 1 1 2 0 0 1 1 0 1 0/0 12:12 0:00 1:18
Ludwig Bystrom 1 0 1 1 2 4 2 0 0 1 0/0 28:17 2:31 3:34
Mathieu Joseph 2 1 3 -1 2 5 1 0 2 0 1/2 22:15 2:26 2:25
Matthew Benning 0 0 0 2 0 0 1 0 0 1 0/0 11:06 0:00 0:12
Michael McLeod 0 0 0 0 0 2 0 0 0 0 5/9 9:12 0:02 0:00
Mirco Mueller 0 1 1 1 2 2 4 2 0 3 0/0 27:08 2:31 2:47
Nathan Walker 0 2 2 -1 0 7 0 0 0 0 1/2 19:46 2:26 0:00
Nick Merkley 0 1 1 0 2 1 2 0 0 0 1/1 10:18 0:02 0:00
Nikolay Goldobin 1 1 2 3 0 5 1 0 0 0 2/7 17:55 1:45 3:23
Roman Josi 0 1 1 -1 0 1 0 0 1 0 0/0 20:49 1:42 2:15
Vinni Lettieri 0 0 0 3 0 0 2 1 0 0 0/0 14:32 1:45 0:00
Players Stats for Marlies
Player Name G A P +/- PIM S H SB GA TA FO MP PP MP PK MP
------------------------------------------------------------------------------------
Aleksi Saarela 0 1 1 1 0 5 2 1 1 1 13/25 20:12 3:04 1:37
Alex Formenton 0 1 1 1 0 0 1 0 0 0 0/1 16:11 2:34 1:11
Brett Pesce 1 1 2 0 0 2 1 4 1 0 0/0 28:34 3:30 2:31
Colton Sissons 0 0 0 -1 2 1 0 0 1 0 7/18 8:50 2:16 0:57
Dennis Gilbert 0 0 0 -2 0 1 2 0 0 0 0/0 12:55 0:00 1:07
Jaden Lindo 0 0 0 -2 0 2 3 1 0 0 1/1 10:37 0:17 0:00
Jeff Corbett 0 0 0 0 2 0 4 1 0 0 0/0 18:48 0:00 1:24
Keaton Thompson 0 0 0 -2 0 2 0 1 0 0 0/0 16:25 2:48 1:42
Logan Brown 1 0 1 1 0 1 4 1 2 0 5/15 18:22 0:41 0:52
Lucas Carlsson 0 0 0 0 0 2 1 5 0 0 0/0 19:46 2:48 1:42
Martin Necas 1 0 1 -1 0 2 4 0 1 0 1/1 19:59 3:39 0:00
Mathieu Olivier 0 0 0 -1 2 2 5 0 0 0 2/2 13:58 2:22 0:00
Matthew Highmore 0 1 1 -2 0 1 0 0 0 1 4/4 11:29 0:17 0:47
Otto Koivula 0 0 0 -2 0 1 1 1 0 0 0/0 10:13 0:00 0:00
Pierre-Olivier Joseph 1 0 1 0 0 2 1 4 2 0 0/0 23:31 3:30 0:00
Tobias Lindberg 0 1 1 1 0 0 0 1 0 0 0/1 12:18 0:00 0:00
Tyler Benson 0 0 0 0 0 1 0 3 0 1 0/0 12:26 0:05 2:10
Valentin Zykov 0 1 1 -1 0 2 2 1 0 1 1/2 21:10 3:39 0:52
3 Stars
1 - Nikolay Goldobin (Man)
2 - Mathieu Joseph (Man)
3 - Dylan Strome (Man)
Power Play
Moose - 1 on 3 Attempt(s) - 33.33%
Marlies - 1 on 4 Attempt(s) - 25.00%
Penalty Kill
Moose - 3 on 4 Attempt(s) - 75.00%
- Score 0 goal in Penalty Kill
Marlies - 2 on 3 Attempt(s) - 66.67%
- Score 0 goal in Penalty Kill
Team Stat
Moose - Hits : 21 - Faceoff Wins : 36 - Blocked Shots : 6 - Penalty Minutes : 8
Marlies - Hits : 31 - Faceoff Wins : 34 - Blocked Shots : 24 - Penalty Minutes : 6
Official
Referees : Dan O'Rourke and Conor O'Donnell
Linesman : Kory Nagy and Brad Kovachik
Game Notes
Colton Sissons is injured at 4:13 of 2nd period (Strained Left Elbow)
Logan Thompson enters game at 7:34 of 2nd period
Finance
Level 1 -- Attendance: 2000 (100.00%) -- Ticket Income $70,000
Level 2 -- Attendance: 939 (93.90%) -- Ticket Income $14,085
Total Attendance: 2939 (97.97%)
Total Ticket Income: $84,085
Other Income: $4,204
Total Income: $88,289
Moose
5 vs 5 Forward
Center Left Wing Right Wing Time % Phy DF OF
1 Dylan Strome Nathan Walker Mathieu Joseph 40 1 2 2
2 Chase De Leo Nikolay Goldobin Vinni Lettieri 30 1 2 2
3 Michael McLeod Anders Bjork Julien Gauthier 15 1 2 2
4 Jake Leschyshyn Jordan Greenway Nick Merkley 15 1 2 2
5 vs 5 Defense
Defense Defense Time % Phy DF OF
1 Mirco Mueller Ludwig Bystrom 40 1 2 2
2 Roman Josi Erik Cernak 30 1 2 2
3 Matthew Benning Juuso Valimaki 20 1 2 2
4 Mirco Mueller Ludwig Bystrom 10 1 2 2
PowerPlay Forward
Center Left Wing Right Wing Time % Phy DF OF
1 Dylan Strome Nathan Walker Mathieu Joseph 60 1 2 2
2 Chase De Leo Nikolay Goldobin Vinni Lettieri 40 1 2 2
PowerPlay Defense
Defense Defense Time % Phy DF OF
1 Mirco Mueller Ludwig Bystrom 60 1 2 2
2 Roman Josi Erik Cernak 40 1 2 2
Penalty Kill 4 Players Forward
Center Wing Time % Phy DF OF
1 Nikolay Goldobin Mathieu Joseph 60 1 2 2
2 Dylan Strome Jordan Greenway 40 1 2 2
Penalty Kill 4 Players Defense
Defense Defense Time % Phy DF OF
1 Mirco Mueller Ludwig Bystrom 60 1 2 2
2 Roman Josi Erik Cernak 40 1 2 2
Penalty Kill - 3 Players Forward
Forward Time % Phy DF OF
1 Nikolay Goldobin 60 1 2 2
2 Mathieu Joseph 40 1 2 2
Penalty Kill - 3 Players Defense
Defense Defense Time % Phy DF OF
1 Mirco Mueller Ludwig Bystrom 60 1 2 2
2 Roman Josi Erik Cernak 40 1 2 2
4 vs 4 Forward
Center Wing Time % Phy DF OF
1 Nikolay Goldobin Mathieu Joseph 60 1 2 2
2 Dylan Strome Nathan Walker 40 1 2 2
4 vs 4 Defense
Defense Defense Time % Phy DF OF
1 Mirco Mueller Ludwig Bystrom 60 1 2 2
2 Roman Josi Erik Cernak 40 1 2 2
Last Minutes Offensive
Center Left Wing Right Wing Defense Defense
Dylan Strome Nathan Walker Mathieu Joseph Mirco Mueller Ludwig Bystrom
Last Minutes Defensive
Center Left Wing Right Wing Defense Defense
Dylan Strome Nikolay Goldobin Mathieu Joseph Mirco Mueller Ludwig Bystrom
Goaltenders
Starting : Filip Gustavsson
Backup : Brandon Halverson
Extra Forwards
Normal : Michael McLeod, Anders Bjork, Julien Gauthier - PP : Michael McLeod, Anders Bjork - PK : Julien Gauthier
Extra Defensemen
Normal : Matthew Benning, Juuso Valimaki, Roman Josi - PP : Matthew Benning - PK : Juuso Valimaki, Roman Josi
Penalty Shots
Nikolay Goldobin, Mathieu Joseph, Dylan Strome, Nathan Walker, Chase De Leo
Scratches
Lane MacDermid (Healthy), Urho Vaakanainen (Healthy), Mitchell Stephens (Healthy), Nelson Nogier (Healthy), Jonathan Kovacevic (Healthy)
Boris Katchouk (Healthy), Josh Mahura (Healthy), Max Jones (Healthy), Nathan Bastian (Healthy), William Bitten (Healthy)
Kieffer Bellows (Healthy), Tim Gettinger (Healthy), Joey Daccord (Healthy), Karel Vejmelka (Healthy), Daniel Vladar (Healthy)
Marlies
5 vs 5 Forward
Center Left Wing Right Wing Time % Phy DF OF
1 Colton Sissons Valentin Zykov Martin Necas 40 0 2 3
2 Aleksi Saarela Tyler Benson Mathieu Olivier 30 1 2 2
3 Logan Brown Alex Formenton Tobias Lindberg 20 1 2 2
4 Matthew Highmore Otto Koivula Jaden Lindo 10 1 3 1
5 vs 5 Defense
Defense Defense Time % Phy DF OF
1 Brett Pesce Pierre-Olivier Joseph 40 1 2 2
2 Lucas Carlsson Jeff Corbett 30 1 2 2
3 Dennis Gilbert Keaton Thompson 20 1 2 2
4 Brett Pesce Jeff Corbett 10 1 2 2
PowerPlay Forward
Center Left Wing Right Wing Time % Phy DF OF
1 Colton Sissons Valentin Zykov Martin Necas 60 1 2 2
2 Aleksi Saarela Alex Formenton Mathieu Olivier 40 1 2 2
PowerPlay Defense
Defense Defense Time % Phy DF OF
1 Brett Pesce Pierre-Olivier Joseph 60 1 2 2
2 Keaton Thompson Lucas Carlsson 40 1 2 2
Penalty Kill 4 Players Forward
Center Wing Time % Phy DF OF
1 Colton Sissons Tyler Benson 60 1 2 2
2 Logan Brown Valentin Zykov 40 1 2 2
Penalty Kill 4 Players Defense
Defense Defense Time % Phy DF OF
1 Brett Pesce Jeff Corbett 60 1 2 2
2 Keaton Thompson Lucas Carlsson 40 1 2 2
Penalty Kill - 3 Players Forward
Forward Time % Phy DF OF
1 Colton Sissons 60 1 2 2
2 Logan Brown 40 1 2 2
Penalty Kill - 3 Players Defense
Defense Defense Time % Phy DF OF
1 Brett Pesce Jeff Corbett 60 1 2 2
2 Keaton Thompson Lucas Carlsson 40 1 2 2
4 vs 4 Forward
Center Wing Time % Phy DF OF
1 Colton Sissons Valentin Zykov 60 1 2 2
2 Logan Brown Martin Necas 40 1 2 2
4 vs 4 Defense
Defense Defense Time % Phy DF OF
1 Brett Pesce Lucas Carlsson 60 1 2 2
2 Pierre-Olivier Joseph Jeff Corbett 40 1 2 2
Last Minutes Offensive
Center Left Wing Right Wing Defense Defense
Colton Sissons Valentin Zykov Martin Necas Brett Pesce Lucas Carlsson
Last Minutes Defensive
Center Left Wing Right Wing Defense Defense
Colton Sissons Valentin Zykov Martin Necas Brett Pesce Lucas Carlsson
Goaltenders
Starting : Charlie Lindgren
Backup : Logan Thompson
Extra Forwards
Normal : Aleksi Saarela, Logan Brown, Mathieu Olivier - PP : Aleksi Saarela, Logan Brown - PK : Aleksi Saarela
Extra Defensemen
Normal : Keaton Thompson, Dennis Gilbert, Jeff Corbett - PP : Lucas Carlsson - PK : Brett Pesce, Dennis Gilbert
Penalty Shots
Logan Brown, Martin Necas, Alex Formenton, Mathieu Olivier, Aleksi Saarela
Scratches
Elias Pettersson (Back Injury), Brycen Martin (Healthy), Marc McLaughlin (Healthy), Henri Ikonen (Healthy), Jakob Forsbacka-Karlsson (Healthy)
Dmitri Samorukov (Healthy), Nicholas Baptiste (Torn Left Knee Ligaments Injury), Radovan Bondra (Healthy), Simon Bourque (Healthy), Mike Hardman (Healthy)
Jonathan Davidsson (Healthy)
% Time on Ice - Moose
Lines # - Real PCT - Wanted PCT - Time Play
Normal Forward
1 - 36% - 40% - 17:46
2 - 26% - 30% - 13:02
3 - 18% - 15% - 8:52
4 - 20% - 15% - 9:49
Normal Defense
1 - 41% - 40% - 20:24
2 - 33% - 30% - 16:22
3 - 22% - 20% - 10:54
4 - 4% - 10% - 1:49
PP Forward
1 - 58% - 60% - 2:28
2 - 42% - 40% - 1:45
PP Defense
1 - 60% - 60% - 2:31
2 - 40% - 40% - 1:42
PK Forward
1 - 72% - 60% - 4:32
2 - 28% - 40% - 1:46
PK Defense
1 - 65% - 60% - 4:07
2 - 35% - 40% - 2:11
PK3 Forward
1 - 0% - 60%
2 - 0% - 40%
PK3 Defense
1 - 0% - 60%
2 - 0% - 40%
44 Forward
1 - 0% - 60%
2 - 0% - 40%
44 Defense
1 - 0% - 60%
2 - 0% - 40%
Last Minute Offensive - 0:00
Last Minute Defensive - 0:00
Total
Forward - 60:00
Defense - 60:00
|
% Time on Ice - Marlies
Lines # - Real PCT - Wanted PCT - Time Play
Normal Forward
1 - 34% - 40% - 16:46
2 - 21% - 30% - 10:12
3 - 25% - 20% - 12:18
4 - 21% - 10% - 10:13
Normal Defense
1 - 41% - 40% - 20:09
2 - 31% - 30% - 15:16
3 - 24% - 20% - 11:40
4 - 5% - 10% - 2:24
PP Forward
1 - 62% - 60% - 3:56
2 - 38% - 40% - 2:22
PP Defense
1 - 56% - 60% - 3:30
2 - 44% - 40% - 2:48
PK Forward
1 - 84% - 60% - 3:33
2 - 16% - 40% - 0:40
PK Defense
1 - 60% - 60% - 2:31
2 - 40% - 40% - 1:42
PK3 Forward
1 - 0% - 60%
2 - 0% - 40%
PK3 Defense
1 - 0% - 60%
2 - 0% - 40%
44 Forward
1 - 0% - 60%
2 - 0% - 40%
44 Defense
1 - 0% - 60%
2 - 0% - 40%
Last Minute Offensive - 0:00
Last Minute Defensive - 0:00
Total
Forward - 60:00
Defense - 60:00
|
Play-by-Play
1st period
0:01 of 1st period - Dylan Strome wins face-off versus Colton Sissons in neutral zone.
0:20 of 1st period - Pierre-Olivier Joseph is hit by Mathieu Joseph and loses puck.
0:43 of 1st period - Aleksi Saarela is hit by Nikolay Goldobin and loses puck.
1:20 of 1st period - Jeff Corbett is hit by Jake Leschyshyn and loses puck.
2:01 of 1st period - Snap shot by Aleksi Saarela.
2:01 of 1st period - Stopped by Filip Gustavsson with a rebound.
2:03 of 1st period - Slapshot by Jeff Corbett.
2:03 of 1st period - Shot Blocked by Juuso Valimaki.
2:41 of 1st period - Snap shot by Dylan Strome.
2:41 of 1st period - Stopped by Charlie Lindgren with a rebound.
2:52 of 1st period - Snap shot by Dylan Strome.
2:52 of 1st period - Deflect By Nathan Walker.
2:52 of 1st period - Shot Misses the Net.
2:52 of 1st period - Puck is out of play.
2:53 of 1st period - Chase De Leo wins face-off versus Colton Sissons in Marlies zone.
3:04 of 1st period - Slapshot by Nikolay Goldobin.
3:04 of 1st period - Stopped by Charlie Lindgren with a rebound.
3:22 of 1st period - Off-side.
3:23 of 1st period - Matthew Highmore wins face-off versus Dylan Strome in neutral zone.
3:26 of 1st period - Mathieu Joseph is hit by Jaden Lindo and loses puck.
3:41 of 1st period - Snap shot by Mathieu Joseph.
3:41 of 1st period - Shot Misses the Net.
3:43 of 1st period - Slapshot by Mathieu Joseph.
3:43 of 1st period - Deflect By Nathan Walker.
3:43 of 1st period - Stopped by Charlie Lindgren without a rebound.
3:44 of 1st period - Colton Sissons wins face-off versus Jake Leschyshyn in Marlies zone.
3:50 of 1st period - Minor Penalty to Nick Merkley for Slashing.
3:51 of 1st period - Colton Sissons wins face-off versus Nikolay Goldobin in Moose zone.
4:09 of 1st period - Mathieu Joseph is hit by Martin Necas and loses puck.
5:00 of 1st period - Keaton Thompson is hit by Erik Cernak and loses puck.
5:42 of 1st period - Icing by Colton Sissons.
5:43 of 1st period - Colton Sissons wins face-off versus Julien Gauthier in Marlies zone.
5:50 of 1st period - Penalty to Nick Merkley is over, Nick Merkley is back on ice.
5:57 of 1st period - Icing by Dylan Strome.
5:58 of 1st period - Matthew Highmore wins face-off versus Dylan Strome in Moose zone.
5:59 of 1st period - Slapshot by Brett Pesce.
5:59 of 1st period - Goal by Brett Pesce - Moose : 0 - Marlies : 1.
6:00 of 1st period - Colton Sissons wins face-off versus Dylan Strome in neutral zone.
6:27 of 1st period - Tyler Benson is hit by Chase De Leo and loses puck.
6:36 of 1st period - Snap shot by Aleksi Saarela.
6:36 of 1st period - Stopped by Filip Gustavsson without a rebound.
6:37 of 1st period - Dylan Strome wins face-off versus Colton Sissons in Moose zone.
6:37 of 1st period - Dylan Strome is hit by Martin Necas.
6:40 of 1st period - Minor Penalty to Mathieu Joseph for Holding.
6:41 of 1st period - Colton Sissons wins face-off versus Nikolay Goldobin in Moose zone.
6:47 of 1st period - Wrist shot by Martin Necas.
6:47 of 1st period - Deflect By Colton Sissons.
6:47 of 1st period - Stopped by Filip Gustavsson without a rebound.
6:48 of 1st period - Nikolay Goldobin wins face-off versus Colton Sissons in Moose zone.
7:16 of 1st period - Slapshot by Pierre-Olivier Joseph.
7:16 of 1st period - Shot Misses the Net.
7:18 of 1st period - Snap shot by Mathieu Olivier.
7:18 of 1st period - Shot Blocked by Mirco Mueller.
7:20 of 1st period - Slapshot by Mathieu Olivier.
7:20 of 1st period - Shot Misses the Net.
7:22 of 1st period - Slapshot by Brett Pesce.
7:22 of 1st period - Stopped by Filip Gustavsson without a rebound.
7:23 of 1st period - Colton Sissons wins face-off versus Nikolay Goldobin in Moose zone.
7:28 of 1st period - Snap shot by Valentin Zykov.
7:28 of 1st period - Shot Misses the Net.
8:40 of 1st period - Penalty to Mathieu Joseph is over, Mathieu Joseph is back on ice.
9:12 of 1st period - Icing by Jaden Lindo.
9:13 of 1st period - Jake Leschyshyn wins face-off versus Logan Brown in Marlies zone.
10:16 of 1st period - Slapshot by Dylan Strome.
10:16 of 1st period - Stopped by Charlie Lindgren with a rebound.
10:30 of 1st period - Dylan Strome is hit by Brett Pesce and loses puck.
10:43 of 1st period - Wrist shot by Dylan Strome.
10:43 of 1st period - Goal by Dylan Strome - Moose : 1 - Marlies : 1.
10:44 of 1st period - Colton Sissons wins face-off versus Dylan Strome in neutral zone.
10:51 of 1st period - Wrist shot by Valentin Zykov.
10:51 of 1st period - Stopped by Filip Gustavsson with a rebound.
11:11 of 1st period - Ludwig Bystrom is hit by Aleksi Saarela and loses puck.
11:33 of 1st period - Slapshot by Julien Gauthier.
11:33 of 1st period - Stopped by Charlie Lindgren without a rebound.
11:34 of 1st period - Michael McLeod wins face-off versus Logan Brown in Marlies zone.
11:49 of 1st period - Snap shot by Julien Gauthier.
11:49 of 1st period - Shot Blocked by Lucas Carlsson.
11:58 of 1st period - Icing by Colton Sissons.
11:59 of 1st period - Dylan Strome wins face-off versus Colton Sissons in Marlies zone.
12:10 of 1st period - Wrist shot by Dylan Strome.
12:10 of 1st period - Shot Misses the Net.
12:26 of 1st period - Wrist shot by Aleksi Saarela.
12:26 of 1st period - Shot Misses the Net.
12:28 of 1st period - Slapshot by Brett Pesce.
12:28 of 1st period - Shot Blocked by Vinni Lettieri.
12:45 of 1st period - Off-side.
12:46 of 1st period - Logan Brown wins face-off versus Jake Leschyshyn in neutral zone.
12:58 of 1st period - Snap shot by Ludwig Bystrom.
12:58 of 1st period - Deflect By Jordan Greenway.
12:58 of 1st period - Stopped by Charlie Lindgren without a rebound.
12:59 of 1st period - Dylan Strome wins face-off versus Colton Sissons in Marlies zone.
13:14 of 1st period - Snap shot by Nathan Walker.
13:14 of 1st period - Stopped by Charlie Lindgren with a rebound.
13:30 of 1st period - Snap shot by Tyler Benson.
13:30 of 1st period - Shot Misses the Net.
13:32 of 1st period - Slapshot by Brett Pesce.
13:32 of 1st period - Shot Hit the Post.
13:34 of 1st period - Slapshot by Pierre-Olivier Joseph.
13:34 of 1st period - Deflect By Aleksi Saarela.
13:34 of 1st period - Shot Misses the Net.
13:34 of 1st period - Puck is out of play.
13:35 of 1st period - Dylan Strome wins face-off versus Colton Sissons in Moose zone.
13:35 of 1st period - Dylan Strome is hit by Valentin Zykov.
14:22 of 1st period - Jordan Greenway is hit by Dennis Gilbert.
14:26 of 1st period - Jordan Greenway is hit by Logan Brown and loses puck.
14:31 of 1st period - Slapshot by Logan Brown.
14:31 of 1st period - Shot Misses the Net.
14:40 of 1st period - Icing by Julien Gauthier.
14:41 of 1st period - Matthew Highmore wins face-off versus Michael McLeod in Moose zone.
14:42 of 1st period - Snap shot by Pierre-Olivier Joseph.
14:42 of 1st period - Shot Blocked by Anders Bjork.
14:52 of 1st period - Slapshot by Anders Bjork.
14:52 of 1st period - Shot Hit the Post.
14:54 of 1st period - Wrist shot by Michael McLeod.
14:54 of 1st period - Shot Blocked by Otto Koivula.
14:56 of 1st period - Backhand shot by Erik Cernak.
14:56 of 1st period - Shot Blocked by Brett Pesce.
15:06 of 1st period - Wrist shot by Nikolay Goldobin.
15:06 of 1st period - Shot Misses the Net.
15:08 of 1st period - Snap shot by Nikolay Goldobin.
15:08 of 1st period - Stopped by Charlie Lindgren with a rebound.
15:10 of 1st period - Slapshot by Ludwig Bystrom.
15:10 of 1st period - Goal by Ludwig Bystrom - Moose : 2 - Marlies : 1.
15:11 of 1st period - Dylan Strome wins face-off versus Colton Sissons in neutral zone.
15:19 of 1st period - Minor Penalty to Colton Sissons for Diving.
15:20 of 1st period - Dylan Strome wins face-off versus Aleksi Saarela in Marlies zone.
15:22 of 1st period - Wrist shot by Mathieu Joseph.
15:22 of 1st period - Stopped by Charlie Lindgren without a rebound.
15:23 of 1st period - Aleksi Saarela wins face-off versus Dylan Strome in Marlies zone.
15:36 of 1st period - Snap shot by Nathan Walker.
15:36 of 1st period - Shot Misses the Net.
15:38 of 1st period - Slapshot by Dylan Strome.
15:38 of 1st period - Shot Misses the Net.
17:19 of 1st period - Penalty to Colton Sissons is over, Colton Sissons is back on ice.
17:22 of 1st period - Colton Sissons is hit by Nick Merkley and loses puck.
17:43 of 1st period - Nick Merkley is hit by Otto Koivula and loses puck.
18:04 of 1st period - Backhand shot by Nick Merkley.
18:04 of 1st period - Shot Misses the Net.
18:06 of 1st period - Snap shot by Anders Bjork.
18:06 of 1st period - Shot Blocked by Pierre-Olivier Joseph.
18:35 of 1st period - Mathieu Olivier is hit by Anders Bjork.
18:47 of 1st period - Matthew Highmore is hit by Mirco Mueller.
18:51 of 1st period - Jordan Greenway is hit by Jaden Lindo and loses puck.
Goals for this period are 2 for Moose vs 1 for Marlies.
Shots for this period are 11 for Moose vs 6 for Marlies.
2nd period
0:01 of 2nd period - Dylan Strome wins face-off versus Colton Sissons in neutral zone.
0:22 of 2nd period - Minor Penalty to Jeff Corbett for Roughing.
0:23 of 2nd period - Dylan Strome wins face-off versus Colton Sissons in Marlies zone.
0:39 of 2nd period - Snap shot by Mathieu Joseph.
0:39 of 2nd period - Shot Misses the Net.
1:45 of 2nd period - Colton Sissons is hit by Vinni Lettieri and loses puck.
2:06 of 2nd period - Alex Formenton is hit by Mirco Mueller and loses puck.
2:22 of 2nd period - Penalty to Jeff Corbett is over, Jeff Corbett is back on ice.
2:39 of 2nd period - Erik Cernak is hit by Jeff Corbett and loses puck.
2:48 of 2nd period - Lucas Carlsson is hit by Jake Leschyshyn and loses puck.
2:55 of 2nd period - Juuso Valimaki is hit by Jeff Corbett and loses puck.
3:04 of 2nd period - Pierre-Olivier Joseph is hit by Nick Merkley and loses puck.
3:22 of 2nd period - Brett Pesce is hit by Ludwig Bystrom.
3:34 of 2nd period - Snap shot by Nick Merkley.
3:34 of 2nd period - Deflect By Jordan Greenway.
3:34 of 2nd period - Stopped by Charlie Lindgren with a rebound.
3:36 of 2nd period - Slapshot by Jordan Greenway.
3:36 of 2nd period - Stopped by Charlie Lindgren with a rebound.
3:38 of 2nd period - Wrist shot by Jordan Greenway.
3:38 of 2nd period - Shot Misses the Net.
3:40 of 2nd period - Slapshot by Mirco Mueller.
3:40 of 2nd period - Stopped by Charlie Lindgren with a rebound.
3:42 of 2nd period - Slapshot by Juuso Valimaki.
3:42 of 2nd period - Shot Blocked by Brett Pesce.
3:46 of 2nd period - Slapshot by Jordan Greenway.
3:46 of 2nd period - Goal by Jordan Greenway - Moose : 3 - Marlies : 1.
3:47 of 2nd period - Dylan Strome wins face-off versus Colton Sissons in neutral zone.
4:12 of 2nd period - Colton Sissons is hit by Mirco Mueller.
4:13 of 2nd period - Colton Sissons from Marlies is injured at 4:13 of 2nd period (Strained Left Elbow).
4:14 of 2nd period - Dylan Strome wins face-off versus Aleksi Saarela in Marlies zone.
4:21 of 2nd period - Wrist shot by Martin Necas.
4:21 of 2nd period - Goal by Martin Necas - Moose : 3 - Marlies : 2.
4:22 of 2nd period - Aleksi Saarela wins face-off versus Dylan Strome in neutral zone.
4:33 of 2nd period - Snap shot by Nathan Walker.
4:33 of 2nd period - Stopped by Charlie Lindgren with a rebound.
4:35 of 2nd period - Wrist shot by Mathieu Joseph.
4:35 of 2nd period - Stopped by Charlie Lindgren with a rebound.
4:37 of 2nd period - Wrist shot by Dylan Strome.
4:37 of 2nd period - Shot Blocked by Pierre-Olivier Joseph.
5:16 of 2nd period - Slapshot by Anders Bjork.
5:16 of 2nd period - Shot Hit the Post.
5:18 of 2nd period - Snap shot by Michael McLeod.
5:18 of 2nd period - Shot Blocked by Jaden Lindo.
5:25 of 2nd period - Icing by Lucas Carlsson.
5:26 of 2nd period - Aleksi Saarela wins face-off versus Jake Leschyshyn in Marlies zone.
5:33 of 2nd period - Snap shot by Tyler Benson.
5:33 of 2nd period - Shot Misses the Net.
5:56 of 2nd period - Matthew Benning is hit by Logan Brown and loses puck.
6:11 of 2nd period - Snap shot by Nikolay Goldobin.
6:11 of 2nd period - Deflect By Chase De Leo.
6:11 of 2nd period - Shot Blocked by Keaton Thompson.
6:11 of 2nd period - Puck is out of play.
6:12 of 2nd period - Jaden Lindo wins face-off versus Chase De Leo in Marlies zone.
6:24 of 2nd period - Snap shot by Nikolay Goldobin.
6:24 of 2nd period - Shot Misses the Net.
7:02 of 2nd period - Wrist shot by Dylan Strome.
7:02 of 2nd period - Deflect By Nathan Walker.
7:02 of 2nd period - Shot Blocked by Logan Brown.
7:02 of 2nd period - Puck is out of play.
7:03 of 2nd period - Chase De Leo wins face-off versus Logan Brown in Marlies zone.
7:16 of 2nd period - Slapshot by Vinni Lettieri.
7:16 of 2nd period - Deflect By Nikolay Goldobin.
7:16 of 2nd period - Shot Misses the Net.
7:16 of 2nd period - Puck is out of play.
7:17 of 2nd period - Aleksi Saarela wins face-off versus Dylan Strome in Marlies zone.
7:19 of 2nd period - Minor Penalty to Mathieu Olivier for Goalie Interference.
7:20 of 2nd period - Dylan Strome wins face-off versus Aleksi Saarela in Marlies zone.
7:22 of 2nd period - Wrist shot by Mathieu Joseph.
7:22 of 2nd period - Shot Misses the Net.
7:26 of 2nd period - Slapshot by Nathan Walker.
7:26 of 2nd period - Shot Misses the Net.
7:34 of 2nd period - Wrist shot by Mathieu Joseph.
7:34 of 2nd period - Goal by Mathieu Joseph - Moose : 4 - Marlies : 2.
7:34 of 2nd period - Logan Thompson enters game.
7:35 of 2nd period - Dylan Strome wins face-off versus Aleksi Saarela in neutral zone.
8:29 of 2nd period - Roman Josi is hit by Mathieu Olivier and loses puck.
8:34 of 2nd period - Snap shot by Aleksi Saarela.
8:34 of 2nd period - Shot Hit the Post.
8:50 of 2nd period - Snap shot by Mathieu Joseph.
8:50 of 2nd period - Goal by Mathieu Joseph - Moose : 5 - Marlies : 2.
8:51 of 2nd period - Aleksi Saarela wins face-off versus Nathan Walker in neutral zone.
9:00 of 2nd period - Wrist shot by Nathan Walker.
9:00 of 2nd period - Shot Blocked by Tyler Benson.
9:02 of 2nd period - Slapshot by Nathan Walker.
9:02 of 2nd period - Shot Misses the Net.
9:04 of 2nd period - Wrist shot by Mathieu Joseph.
9:04 of 2nd period - Shot Blocked by Tyler Benson.
9:06 of 2nd period - Slapshot by Mathieu Joseph.
9:06 of 2nd period - Shot Blocked by Jeff Corbett.
9:20 of 2nd period - Snap shot by Nikolay Goldobin.
9:20 of 2nd period - Shot Blocked by Valentin Zykov.
9:57 of 2nd period - Nick Merkley is hit by Mathieu Olivier and loses puck.
10:20 of 2nd period - Backhand shot by Mirco Mueller.
10:20 of 2nd period - Shot Blocked by Aleksi Saarela.
10:22 of 2nd period - Slapshot by Ludwig Bystrom.
10:22 of 2nd period - Deflect By Valentin Zykov.
10:22 of 2nd period - Stopped by Logan Thompson with a rebound.
10:24 of 2nd period - Slapshot by Ludwig Bystrom.
10:24 of 2nd period - Stopped by Logan Thompson with a rebound.
11:23 of 2nd period - Wrist shot by Anders Bjork.
11:23 of 2nd period - Shot Blocked by Lucas Carlsson.
11:25 of 2nd period - Backhand shot by Anders Bjork.
11:25 of 2nd period - Shot Blocked by Lucas Carlsson.
11:48 of 2nd period - Snap shot by Jordan Greenway.
11:48 of 2nd period - Shot Misses the Net.
11:58 of 2nd period - Wrist shot by Nick Merkley.
11:58 of 2nd period - Shot Misses the Net.
12:10 of 2nd period - Wrist shot by Matthew Highmore.
12:10 of 2nd period - Stopped by Filip Gustavsson with a rebound.
12:16 of 2nd period - Jaden Lindo is hit by Julien Gauthier.
12:29 of 2nd period - Off-side.
12:30 of 2nd period - Dylan Strome wins face-off versus Logan Brown in neutral zone.
12:36 of 2nd period - Icing by Jeff Corbett.
12:37 of 2nd period - Logan Brown wins face-off versus Dylan Strome in Marlies zone.
12:42 of 2nd period - Slapshot by Nathan Walker.
12:42 of 2nd period - Stopped by Logan Thompson with a rebound.
13:06 of 2nd period - Ludwig Bystrom is hit by Mathieu Olivier.
13:10 of 2nd period - Snap shot by Aleksi Saarela.
13:10 of 2nd period - Shot Misses the Net.
13:12 of 2nd period - Snap shot by Lucas Carlsson.
13:12 of 2nd period - Stopped by Filip Gustavsson without a rebound.
13:13 of 2nd period - Aleksi Saarela wins face-off versus Dylan Strome in Moose zone.
13:28 of 2nd period - Snap shot by Mathieu Joseph.
13:28 of 2nd period - Stopped by Logan Thompson without a rebound.
13:29 of 2nd period - Chase De Leo wins face-off versus Aleksi Saarela in Marlies zone.
13:54 of 2nd period - Mathieu Joseph is hit by Jeff Corbett and loses puck.
14:01 of 2nd period - Snap shot by Valentin Zykov.
14:01 of 2nd period - Stopped by Filip Gustavsson with a rebound.
14:03 of 2nd period - Slapshot by Dennis Gilbert.
14:03 of 2nd period - Stopped by Filip Gustavsson without a rebound.
14:04 of 2nd period - Chase De Leo wins face-off versus Aleksi Saarela in Moose zone.
14:04 of 2nd period - Chase De Leo is hit by Dennis Gilbert.
15:11 of 2nd period - Wrist shot by Valentin Zykov.
15:11 of 2nd period - Shot Misses the Net.
15:13 of 2nd period - Snap shot by Martin Necas.
15:13 of 2nd period - Shot Misses the Net.
15:41 of 2nd period - Snap shot by Mathieu Olivier.
15:41 of 2nd period - Stopped by Filip Gustavsson with a rebound.
16:05 of 2nd period - Anders Bjork is hit by Jaden Lindo and loses puck.
16:33 of 2nd period - Slapshot by Chase De Leo.
16:33 of 2nd period - Shot Blocked by Lucas Carlsson.
16:47 of 2nd period - Snap shot by Dylan Strome.
16:47 of 2nd period - Stopped by Logan Thompson without a rebound.
16:48 of 2nd period - Dylan Strome wins face-off versus Alex Formenton in Marlies zone.
17:43 of 2nd period - Slapshot by Nikolay Goldobin.
17:43 of 2nd period - Shot Misses the Net.
17:53 of 2nd period - Michael McLeod is hit by Jeff Corbett and loses puck.
18:02 of 2nd period - Wrist shot by Keaton Thompson.
18:02 of 2nd period - Shot Misses the Net.
18:21 of 2nd period - Mirco Mueller is hit by Alex Formenton and loses puck.
18:36 of 2nd period - Slapshot by Ludwig Bystrom.
18:36 of 2nd period - Shot Blocked by Brett Pesce.
18:42 of 2nd period - Wrist shot by Nikolay Goldobin.
18:42 of 2nd period - Shot Blocked by Brett Pesce.
19:39 of 2nd period - Slapshot by Nikolay Goldobin.
19:39 of 2nd period - Stopped by Logan Thompson with a rebound.
19:41 of 2nd period - Snap shot by Nikolay Goldobin.
19:41 of 2nd period - Stopped by Logan Thompson without a rebound.
19:42 of 2nd period - Mathieu Joseph wins face-off versus Logan Brown in Marlies zone.
Goals for this period are 3 for Moose vs 1 for Marlies.
Shots for this period are 15 for Moose vs 6 for Marlies.
3rd period
0:01 of 3rd period - Aleksi Saarela wins face-off versus Mathieu Joseph in neutral zone.
0:26 of 3rd period - Nikolay Goldobin is hit by Pierre-Olivier Joseph and loses puck.
0:55 of 3rd period - Snap shot by Otto Koivula.
0:55 of 3rd period - Stopped by Filip Gustavsson without a rebound.
0:56 of 3rd period - Dylan Strome wins face-off versus Aleksi Saarela in Moose zone.
1:01 of 3rd period - Slapshot by Roman Josi.
1:01 of 3rd period - Stopped by Logan Thompson without a rebound.
1:02 of 3rd period - Dylan Strome wins face-off versus Aleksi Saarela in Marlies zone.
1:11 of 3rd period - Snap shot by Nathan Walker.
1:11 of 3rd period - Shot Blocked by Tyler Benson.
1:13 of 3rd period - Snap shot by Nathan Walker.
1:13 of 3rd period - Shot Blocked by Pierre-Olivier Joseph.
1:15 of 3rd period - Wrist shot by Dylan Strome.
1:15 of 3rd period - Stopped by Logan Thompson with a rebound.
1:17 of 3rd period - Slapshot by Erik Cernak.
1:17 of 3rd period - Shot Misses the Net.
1:27 of 3rd period - Roman Josi is hit by Martin Necas and loses puck.
1:52 of 3rd period - Jaden Lindo is hit by Julien Gauthier and loses puck.
2:11 of 3rd period - Slapshot by Brett Pesce.
2:11 of 3rd period - Shot Blocked by Mirco Mueller.
3:11 of 3rd period - Slapshot by Lucas Carlsson.
3:11 of 3rd period - Stopped by Filip Gustavsson without a rebound.
3:12 of 3rd period - Matthew Highmore wins face-off versus Dylan Strome in Moose zone.
3:12 of 3rd period - Keaton Thompson is hit by Matthew Benning and loses puck.
3:35 of 3rd period - Snap shot by Jaden Lindo.
3:35 of 3rd period - Stopped by Filip Gustavsson with a rebound.
3:37 of 3rd period - Snap shot by Jaden Lindo.
3:37 of 3rd period - Stopped by Filip Gustavsson without a rebound.
3:38 of 3rd period - Aleksi Saarela wins face-off versus Chase De Leo in Moose zone.
3:44 of 3rd period - Minor Penalty to Ludwig Bystrom for High sticking.
3:45 of 3rd period - Nikolay Goldobin wins face-off versus Aleksi Saarela in Moose zone.
3:45 of 3rd period - Nikolay Goldobin is hit by Martin Necas.
3:55 of 3rd period - Off-side.
3:56 of 3rd period - Valentin Zykov wins face-off versus Nikolay Goldobin in neutral zone.
4:05 of 3rd period - Wrist shot by Pierre-Olivier Joseph.
4:05 of 3rd period - Goal by Pierre-Olivier Joseph - Moose : 5 - Marlies : 3.
4:06 of 3rd period - Aleksi Saarela wins face-off versus Dylan Strome in neutral zone.
4:15 of 3rd period - Snap shot by Dylan Strome.
4:15 of 3rd period - Shot Misses the Net.
4:50 of 3rd period - Wrist shot by Nick Merkley.
4:50 of 3rd period - Shot Misses the Net.
4:54 of 3rd period - Wrist shot by Jordan Greenway.
4:54 of 3rd period - Shot Misses the Net.
4:56 of 3rd period - Snap shot by Jordan Greenway.
4:56 of 3rd period - Shot Blocked by Pierre-Olivier Joseph.
4:58 of 3rd period - Snap shot by Jordan Greenway.
4:58 of 3rd period - Shot Misses the Net.
5:11 of 3rd period - Off-side.
5:12 of 3rd period - Aleksi Saarela wins face-off versus Michael McLeod in neutral zone.
5:19 of 3rd period - Slapshot by Tyler Benson.
5:19 of 3rd period - Stopped by Filip Gustavsson with a rebound.
5:21 of 3rd period - Snap shot by Mathieu Olivier.
5:21 of 3rd period - Stopped by Filip Gustavsson with a rebound.
5:23 of 3rd period - Snap shot by Tyler Benson.
5:23 of 3rd period - Deflect By Aleksi Saarela.
5:23 of 3rd period - Stopped by Filip Gustavsson with a rebound.
5:25 of 3rd period - Slapshot by Jeff Corbett.
5:25 of 3rd period - Shot Misses the Net.
5:54 of 3rd period - Slapshot by Keaton Thompson.
5:54 of 3rd period - Shot Misses the Net.
6:21 of 3rd period - Slapshot by Roman Josi.
6:21 of 3rd period - Shot Misses the Net.
6:43 of 3rd period - Snap shot by Nathan Walker.
6:43 of 3rd period - Stopped by Logan Thompson without a rebound.
6:44 of 3rd period - Aleksi Saarela wins face-off versus Dylan Strome in Marlies zone.
7:12 of 3rd period - Snap shot by Dylan Strome.
7:12 of 3rd period - Shot Misses the Net.
7:14 of 3rd period - Snap shot by Ludwig Bystrom.
7:14 of 3rd period - Shot Blocked by Tobias Lindberg.
7:16 of 3rd period - Snap shot by Nathan Walker.
7:16 of 3rd period - Stopped by Logan Thompson without a rebound.
7:17 of 3rd period - Logan Brown wins face-off versus Chase De Leo in Marlies zone.
7:17 of 3rd period - Logan Brown is hit by Vinni Lettieri.
7:23 of 3rd period - Backhand shot by Keaton Thompson.
7:23 of 3rd period - Stopped by Filip Gustavsson without a rebound.
7:24 of 3rd period - Chase De Leo wins face-off versus Logan Brown in Moose zone.
7:24 of 3rd period - Chase De Leo is hit by Logan Brown.
7:53 of 3rd period - Minor Penalty to Mirco Mueller for Interference.
7:54 of 3rd period - Martin Necas wins face-off versus Nikolay Goldobin in Moose zone.
8:18 of 3rd period - Juuso Valimaki is hit by Mathieu Olivier.
9:23 of 3rd period - Anders Bjork is hit by Logan Brown and loses puck.
9:53 of 3rd period - Penalty to Mirco Mueller is over, Mirco Mueller is back on ice.
10:28 of 3rd period - Wrist shot by Nathan Walker.
10:28 of 3rd period - Stopped by Logan Thompson without a rebound.
10:29 of 3rd period - Dylan Strome wins face-off versus Logan Brown in Marlies zone.
10:56 of 3rd period - Wrist shot by Michael McLeod.
10:56 of 3rd period - Stopped by Logan Thompson with a rebound.
12:07 of 3rd period - Icing by Alex Formenton.
12:08 of 3rd period - Michael McLeod wins face-off versus Aleksi Saarela in Marlies zone.
12:11 of 3rd period - Slapshot by Michael McLeod.
12:11 of 3rd period - Shot Misses the Net.
12:17 of 3rd period - Slapshot by Keaton Thompson.
12:17 of 3rd period - Shot Blocked by Anders Bjork.
12:19 of 3rd period - Slapshot by Keaton Thompson.
12:19 of 3rd period - Stopped by Filip Gustavsson without a rebound.
12:20 of 3rd period - Nathan Walker wins face-off versus Aleksi Saarela in Moose zone.
12:20 of 3rd period - Nathan Walker is hit by Lucas Carlsson.
12:32 of 3rd period - Wrist shot by Dylan Strome.
12:32 of 3rd period - Shot Misses the Net.
12:34 of 3rd period - Slapshot by Ludwig Bystrom.
12:34 of 3rd period - Stopped by Logan Thompson with a rebound.
12:36 of 3rd period - Slapshot by Mirco Mueller.
12:36 of 3rd period - Stopped by Logan Thompson with a rebound.
12:46 of 3rd period - Logan Brown is hit by Mirco Mueller and loses puck.
12:55 of 3rd period - Snap shot by Nikolay Goldobin.
12:55 of 3rd period - Shot Blocked by Lucas Carlsson.
12:58 of 3rd period - Icing by Lucas Carlsson.
12:59 of 3rd period - Logan Brown wins face-off versus Dylan Strome in Marlies zone.
13:04 of 3rd period - Snap shot by Tobias Lindberg.
13:04 of 3rd period - Shot Misses the Net.
13:48 of 3rd period - Snap shot by Logan Brown.
13:48 of 3rd period - Goal by Logan Brown - Moose : 5 - Marlies : 4.
13:49 of 3rd period - Aleksi Saarela wins face-off versus Chase De Leo in neutral zone.
14:00 of 3rd period - Vinni Lettieri is hit by Valentin Zykov and loses puck.
14:29 of 3rd period - Icing by Mirco Mueller.
14:30 of 3rd period - Logan Brown wins face-off versus Jake Leschyshyn in Moose zone.
14:31 of 3rd period - Snap shot by Tobias Lindberg.
14:31 of 3rd period - Shot Misses the Net.
14:43 of 3rd period - Tobias Lindberg is hit by Ludwig Bystrom.
15:27 of 3rd period - Matthew Benning is hit by Mathieu Olivier and loses puck.
15:40 of 3rd period - Martin Necas is hit by Juuso Valimaki.
16:04 of 3rd period - Slapshot by Jordan Greenway.
16:04 of 3rd period - Stopped by Logan Thompson with a rebound.
16:06 of 3rd period - Slapshot by Juuso Valimaki.
16:06 of 3rd period - Shot Misses the Net.
16:08 of 3rd period - Wrist shot by Nick Merkley.
16:08 of 3rd period - Stopped by Logan Thompson with a rebound.
16:40 of 3rd period - Wrist shot by Nikolay Goldobin.
16:40 of 3rd period - Goal by Nikolay Goldobin - Moose : 6 - Marlies : 4.
16:41 of 3rd period - Aleksi Saarela wins face-off versus Michael McLeod in neutral zone.
17:04 of 3rd period - Icing by Julien Gauthier.
17:05 of 3rd period - Michael McLeod wins face-off versus Logan Brown in Moose zone.
17:36 of 3rd period - Slapshot by Mirco Mueller.
17:36 of 3rd period - Shot Misses the Net.
17:54 of 3rd period - Slapshot by Michael McLeod.
17:54 of 3rd period - Stopped by Logan Thompson without a rebound.
17:55 of 3rd period - Michael McLeod wins face-off versus Valentin Zykov in Marlies zone.
18:17 of 3rd period - Icing by Lucas Carlsson.
18:18 of 3rd period - Nick Merkley wins face-off versus Logan Brown in Marlies zone.
18:27 of 3rd period - Slapshot by Valentin Zykov.
18:27 of 3rd period - Deflect By Martin Necas.
18:27 of 3rd period - Stopped by Filip Gustavsson without a rebound.
18:28 of 3rd period - Mathieu Olivier wins face-off versus Jake Leschyshyn in Moose zone.
18:33 of 3rd period - Wrist shot by Aleksi Saarela.
18:33 of 3rd period - Stopped by Filip Gustavsson without a rebound.
18:34 of 3rd period - Michael McLeod wins face-off versus Aleksi Saarela in Moose zone.
18:34 of 3rd period - Michael McLeod is hit by Aleksi Saarela.
18:43 of 3rd period - Wrist shot by Aleksi Saarela.
18:43 of 3rd period - Shot Misses the Net.
18:45 of 3rd period - Snap shot by Aleksi Saarela.
18:45 of 3rd period - Stopped by Filip Gustavsson with a rebound.
18:47 of 3rd period - Snap shot by Pierre-Olivier Joseph.
18:47 of 3rd period - Stopped by Filip Gustavsson without a rebound.
18:48 of 3rd period - Jake Leschyshyn wins face-off versus Tobias Lindberg in Moose zone.
18:57 of 3rd period - Snap shot by Jordan Greenway.
18:57 of 3rd period - Stopped by Logan Thompson without a rebound.
18:58 of 3rd period - Jake Leschyshyn wins face-off versus Logan Brown in Marlies zone.
19:53 of 3rd period - Off-side.
19:54 of 3rd period - Mathieu Olivier wins face-off versus Michael McLeod in neutral zone.
Goals for this period are 1 for Moose vs 2 for Marlies.
Shots for this period are 13 for Moose vs 15 for Marlies.